 Dungeon Crawl Stone Soup version 0.31-a0-986-g5e6e4ef867 (webtiles) character file.

Game seed: 2663921897785709180

140 Crabhammer the Ruffian (level 5, 0/33 HPs)
             Began as an Octopode Shapeshifter on Nov 23, 2023.
             Splashed by a jelly's acid (5 damage)
             ... in a sewer.
             The game lasted 00:06:25 (2387 turns).

Crabhammer the Ruffian (Octopode Shapeshifter)      Turns: 2387, Time: 00:06:26

Health: 0/33       AC: -3    Str: 14    XL:     5   Next: 23%
Magic:  5/5        EV: 13    Int: 12    God:
Gold:   1276       SH:  0    Dex: 13    Spells: 4/4 levels left

rFire   . .          .
                       - Unarmed
rCold   + . .        (no shield)
rNeg    . . .        (helmet currently unavailable)
rPois   .            (no amulet)
rElec   .            f - ring of willpower
rCorr   .            k - ring of protection from cold
SInv    .            (no ring)
Will    +....        (no ring)
Stlth   +++          (no ring)
HPRegen 0.25/turn    (no ring)
MPRegen 0.09/turn    (no ring)
                     (no ring)

%: no passive effects
@: beast-form, corroded
A: beast (slay +1), almost no armour, amphibious, 8 rings, camouflage 1,
gelatinous body 1, nimble swimmer 1, tentacles
a: Begin Untransformation


You were in a sewer.
You were a hulking beast.
You visited 1 branch of the dungeon, and saw 3 of its levels.
You also visited: Sewer.

You collected 1276 gold pieces.

Inventory:

Missiles
 m - 5 atropa-tipped darts
Jewellery
 f - a ring of willpower (left tentacle)
 k - a ring of protection from cold (right tentacle)
Talismans
 b - a beast talisman
 c - a flux talisman
Scrolls
 e - 2 scrolls of fog
 g - a scroll of vulnerability {unknown}
Potions
 a - a potion of lignification
 d - a potion of curing {unknown}
 h - 3 potions of might
 i - 2 potions of brilliance
 j - a potion of heal wounds {unknown}
 l - a potion of mutation {unknown}
 n - 2 potions of experience {unknown}
 o - 2 potions of degeneration {unknown}


   Skills:
 - Level 1.0 Fighting
 - Level 2.0 Dodging
 + Level 5.7 Unarmed Combat
 - Level 3.0 Shapeshifting


You had 4 spell levels left.
You didn't know any spells.
Your spell library contained the following spells:

 Spells                   Type           Power      Damage    Failure   Level
 Scorch                   Fire           0%         2d5       45%         2
 Flame Wave               Conj/Fire      0%         2d4       97%         4
 Leda's Liquefaction      Hex/Erth       0%         N/A       97%         4
 Lee's Rapid Deconstruct  Erth           0%         3d4*      100%        5
 Bombard                  Conj/Erth      0%         9d1       100%        6
 Summon Cactus Giant      Summ           0%         N/A       100%        6


Dungeon Overview and Level Annotations

Branches:
Dungeon (3/15)              Sewer (1/1)

Altars:


Innate Abilities, Weirdness & Mutations

You are a hulking beast.
Your limbs bulge with bestial killing power. (Slay +1)
You cannot wear most types of armour.
You are amphibious.
You can wear up to eight rings at the same time.
Your skin changes colour to match your surroundings (Stealth+).
Your rubbery body absorbs attacks. (AC +1, EV +1)
You are camouflaged when in or above water. (Stealth+)
You have tentacles for arms and can constrict up to eight enemies at once.


Message History

h - 3 potions of might You enter the shallow water.
You enter the shallow water.
You enter the shallow water.
Found a gate leading back out of this place.
You enter the shallow water.
You enter the shallow water.
n - 2 brown potions You enter the shallow water.
You enter the shallow water.
A frilled lizard and an endoplasm come into view.
There are monsters nearby!
You enter the shallow water.
A frilled lizard comes into view.
You tentacle-slap the frilled lizard.
You kill the frilled lizard!
You tentacle-slap the endoplasm.
You kill the endoplasm!
The frilled lizard hisses angrily.
You enter the shallow water.
A jelly comes into view.
The frilled lizard closely misses you.
The jelly quivers.
You tentacle-slap the frilled lizard.
You kill the frilled lizard!
A jelly comes into view.
Found a ring mail and a club.
You enter the shallow water.
Found 3 potions of brilliance.
Found a viscous altar of Jiyva.
You tentacle-slap the jelly. The acid corrodes you!
Your tentacles burn!
The jelly is lightly wounded.
The jelly hits you.
You are splashed with acid!
You tentacle-slap the jelly.
Your tentacles burn!
You squeeze the jelly!
The jelly is severely wounded.
The jelly hits you.
You are splashed with acid!
* * * LOW HITPOINT WARNING * * *
Unknown command.
You tentacle-slap the jelly but do no damage.
The acid corrodes you!
Your tentacles burn!
You die...

#._! #).[# #J~..
##~~~~ .~~~.##
~~.~## #J..# #h.#
####..##
##~..~~.##
##∩~~..~..#
########
#..~###~..#
#..~†~.~ .~
#.~##.##.~#
#....... ~..
#..#...#...~
#..#####
#~~##~.~.~##.~...
#..#
#...##.~.##~~.##.~
#~.#


You could see 2 jellies.

Vanquished Creatures
  3 adders
  4 river rats (Sewer)
  2 worms
  4 dart slugs
  10 ball pythons
  8 bats
  7 endoplasms
  3 giant cockroaches (Sewer)
  3 goblins (D:1)
  5 hobgoblins
  A quokka (D:1)
  7 frilled lizards
  4 kobolds
  5 rats
66 creatures vanquished.

Notes
Turn   | Place    | Note
-------+----------+-------------------------------------------
     0 | D:1      | Crabhammer the Octopode Shapeshifter began the quest for
                  | the Orb.
     0 | D:1      | Reached XP level 1. HP: 13/13 MP: 1/1
    87 | D:1      | Found a faded altar of an unknown god.
   137 | D:1      | Reached XP level 2. HP: 9/18 MP: 2/2
   663 | D:1      | Reached skill level 4 in Unarmed Combat
   723 | D:1      | Reached XP level 3. HP: 23/23 MP: 3/3
  1327 | D:2      | Reached XP level 4. HP: 26/28 MP: 4/4
  1829 | D:3      | Identified a scroll of acquirement
  1829 | D:3      | Acquired 1159 gold pieces
  2000 | D:3      | Found a glowing drain.
  2030 | Sewer    | Entered a sewer
  2046 | Sewer    | Reached skill level 5 in Unarmed Combat
  2239 | Sewer    | Reached XP level 5. HP: 33/33 MP: 5/5
  2384 | Sewer    | Found a viscous altar of Jiyva.
  2387 | Sewer    | Splashed by a jelly's acid

Illustrated notes

Levels and vault maps discovered:
D:1:      saegor_arrival_simple_b, layout_basic,
          shapermc_ecumenical_altar_mp_vishouse
D:2:      layout_loops_ring, minmay_close_crescents
D:3:      layout_loops_ring, mainiacjoe_overflow_cross_hatched,
          cheibrodos_sewer_entry_drain
Sewer:    sewer_hellmonk_slimy_pipes

Skill      XL: |  1  2  3  4 |
---------------+-------------+-----
Unarmed Combat | 4 5 |  5.7
Fighting       | |  1.0
Dodging        | |  2.0
Shapeshifting  | |  3.0

Action                     |  1- 3 |  4- 6 || total
---------------------------+-------+-------++-------
  Melee: Unarmed           |    49 |    68 ||   117
         Tentacles         |     9 |    15 ||    24
         Constrict         |    10 |    15 ||    25
         Punch             |     1 |     1 ||     2
    Use: Scroll            |       |     5 ||     5
   Stab: Sleeping          |     7 |     7 ||    14
 Armour: Skin              |    14 |    25 ||    39
  Dodge: Dodged            |    23 |    23 ||    46

Table legend: (Time is in decaauts)
 A = Elapsed time spent in this place.
 B = Non-inter-level travel time spent in this place.
 C = Inter-level travel time spent in this place.
 D = Time resting spent in this place.
 E = Time spent auto-exploring this place.
 F = Levels seen in this place.
 G = Mean time per level.
                   A        B        C        D        E       F      G
               +--------+--------+--------+--------+--------+-----+--------+
         Total |   2375 |   2164 |    211 |    241 |   1319 |   4 |  593.8 |
       Dungeon |   2023 |   1812 |    211 |     59 |   1317 |   3 |  674.3 |
         Sewer |    351 |    351 |      0 |    182 |      2 |   1 |  351.0 |
               +--------+--------+--------+--------+--------+-----+--------+

Top non-repeatable levels by time:
     D:1: 1098 daAuts
     D:2: 721 daAuts
   Sewer: 351 daAuts
     D:3: 203 daAuts
